 Dungeon Crawl Stone Soup version 0.25-a0-613-gf4b266557c (webtiles) character file.

Game seed: 5800080054546067983, levelgen mode: deterministic

57820 RedPan the Fighter (level 14, -3/116 HPs)
             Began as a Gnoll Wanderer on Mar 17, 2020.
             Was the Champion of Cheibriados.
             Slain by a death knight
             ... wielding a +0 morningstar
              (20 damage)
             ... on level 12 of the Dungeon.
             The game lasted 00:51:49 (20525 turns).

RedPan the Fighter (Gnoll Wanderer)                Turns: 20525, Time: 00:51:50

Health: -3/116     AC: 24    Str: 38    XL:     14   Next: 87%
Magic:  20/27      EV: 18    Int: 30    God:    Cheibriados [******]
Gold:   1808       SH:  0    Dex: 29    Spells: 21/31 levels left

rFire    + + .     SeeInvis .   y - +9 quarterstaff of RedPan's Extermination {vorpal, Fragile rF+ MR+}
rCold    + . .     Gourm    .   (shield currently unavailable)
rNeg     . . .     Faith    .   a - +0 plate armour
rPois    +         Spirit   .   b - +2 hat
rElec    .         Reflect  .   A - +2 cloak {rPois}
rCorr    .         Harm     .   L - +1 pair of gloves {Str+3}
MR       +....                  n - +1 pair of boots
Stlth    +.........             (no amulet)
HPRegen  0.29/turn              v - ring of protection from fire
MPRegen  0.20/turn              m - ring of protection from cold

@: vulnerable, very slow
A: distributed training, fangs 1, strong nose
a: Bend Time, Temporal Distortion, Slouch, Step From Time, Renounce Religion


You were on level 12 of the Dungeon.
You worshipped Cheibriados.
Cheibriados was exalted by your worship.
You were not hungry.

You visited 3 branches of the dungeon, and saw 19 of its levels.
You also visited: Ossuary and Gauntlet.

You collected 2283 gold pieces.
You spent 475 gold pieces at shops.

Inventory:

Hand Weapons
 y - the +9 quarterstaff of RedPan's Extermination (weapon) {vorpal, Fragile rF+ MR+}
   (You took it off an orc wizard on level 6 of the Dungeon)

   It inflicts extra damage upon your enemies.
   It protects you from fire.
   It affects your resistance to hostile enchantments.
   It will be destroyed if unequipped.
 B - a +1 lajatang
 I - the +5 fustibalus "Quall" {flame, rC+ rN+ Dex-5}
   (You took it off a minotaur in a Gauntlet)

   It causes projectiles fired from it to burn those they strike, causing extra
   injury to most foes and up to half again as much damage against particularly
   susceptible opponents.
   It affects your dexterity (-5).
   It protects you from cold.
   It protects you from negative energy.
Missiles
 k - 27 javelins (quivered)
Armour
 a - a +0 plate armour (worn)
 b - a +2 hat (worn)
 n - a +1 pair of boots (worn)
 q - a scarf of repulsion
 A - a +2 cloak of poison resistance (worn)
 L - a +1 pair of gloves of strength (worn)
Jewellery
 c - an uncursed ring of flight
 m - a ring of protection from cold (right hand)
 s - an uncursed ring of stealth
 v - a ring of protection from fire (left hand)
 G - an uncursed ring of see invisible
Wands
 l - a wand of clouds (12)
 r - a wand of iceblast (16)
 C - a wand of digging (6)
 J - a wand of disintegration (7)
 M - a wand of paralysis (4)
Scrolls
 h - 8 scrolls of fear
 j - 6 scrolls of amnesia
 p - 8 scrolls of remove curse
 t - 3 scrolls of blinking
 w - 5 scrolls of teleportation
 x - 2 scrolls of enchant weapon
 D - 2 scrolls of identify
 H - a scroll of magic mapping
Potions
 d - 7 potions of curing
 e - 3 potions of flight
 f - 4 potions of lignification
 i - 2 potions of mutation
 o - 2 potions of magic
 z - a potion of brilliance
 E - 2 potions of invisibility
 F - a potion of cancellation
 K - 2 potions of stabbing
 N - a potion of heal wounds
Miscellaneous
 O - a crystal ball of energy
 P - a sack of spiders
Comestibles
 g - 65 rations


   Skills:
 + Level 12.3 Fighting
 + Level 9.4 Short Blades
 + Level 9.8 Long Blades
 + Level 9.4 Axes
 + Level 9.4 Maces & Flails
 + Level 9.4 Polearms
 + Level 9.4 Staves
 + Level 9.4 Slings
 + Level 9.8 Bows
 + Level 9.4 Crossbows
 + Level 9.4 Throwing
 + Level 9.8 Armour
 + Level 9.4 Dodging
 + Level 11.0 Stealth
 + Level 9.4 Shields
 + Level 9.4 Unarmed Combat
 + Level 9.4 Spellcasting
 + Level 7.9 Conjurations
 + Level 7.9 Hexes
 + Level 7.9 Charms
 + Level 7.9 Summonings
 + Level 7.9 Necromancy
 + Level 7.9 Translocations
 + Level 7.9 Transmutations
 + Level 7.9 Fire Magic
 + Level 7.9 Ice Magic
 + Level 7.9 Air Magic
 + Level 7.9 Earth Magic
 + Level 7.9 Poison Magic
 + Level 10.2 Invocations
 + Level 9.4 Evocations


You had 21 spell levels left.
You knew the following spells:

 Your Spells              Type           Power        Failure   Level  Hunger
a - Mephitic Cloud        Conj/Pois/Air  ######..     1%          3    None
b - Lesser Beckoning      Tloc           ######....   1%          3    None
c - Summon Ice Beast      Ice/Summ       ######..     7%          4    None

Your spell library contained the following spells:

 Spells                   Type           Power        Failure   Level  Hunger
 Animate Skeleton         Necr           N/A          1%          1    None
 Apportation              Tloc           ######       1%          1    None
 Corona                   Hex            ######.      1%          1    None
 Magic Dart               Conj           ####         1%          1    None
 Summon Butterflies       Summ           ######..     1%          1    None
 Summon Small Mammal      Summ           ####         1%          1    None
 Blink                    Tloc           N/A          1%          2    None
 Call Imp                 Summ           ######..     1%          2    None
 Ensorcelled Hibernation  Hex/Ice        ######       1%          2    None
 Slow                     Hex            ######..     1%          2    None
 Call Canine Familiar     Summ           ######..     1%          3    None
 Confusing Touch          Hex            ######..     1%          3    None
 Conjure Flame            Conj/Fire      ######..     1%          3    None
 Dazzling Flash           Conj/Hex       ######       1%          3    None
 Gell's Gravitas          Tloc           ######....   1%          3    None
 Portal Projectile        Hex/Tloc       ######       1%          3    None
 Static Discharge         Conj/Air       ######..     1%          3    None
 Summon Guardian Golem    Hex/Summ       ######..     1%          3    None
 Tukima's Dance           Hex            ######..     1%          3    None
 Cause Fear               Hex            ######....   7%          4    None
 Summon Lightning Spire   Summ/Air       ######..     7%          4    None
 Alistair's Intoxication  Tmut/Pois      ######..     19%         5    ###....
 Bolt of Magma            Conj/Fire/Erth ######....   19%         5    ###....
 Iskenderun's Battlesphe  Conj/Chrm      ######..     19%         5    ###....
 Lightning Bolt           Conj/Air       ######....   19%         5    ###....
 Silence                  Hex/Air        ######....   19%         5    ###....
 Yara's Violent Unravell  Hex/Tmut       ######....   19%         5    ###....
 Deflect Missiles         Chrm/Air       ######....   71%         6    #####..
 Dispersal                Tloc           ######....   71%         6    #####..
 Invisibility             Hex            ######..     71%         6    #####..
 Iron Shot                Conj/Erth      ######....   71%         6    #####..
 Orb of Destruction       Conj           ######....   99%         7    ######.
 Spellforged Servitor     Conj/Summ      ######....   99%         7    ######.
 Controlled Blink         Tloc           N/A          100%        8    #######
 Discord                  Hex            ######....   100%        8    #######
 Disjunction              Tloc           ######....   100%        8    #######
 Ignition                 Fire           ######....   100%        8    #######
 Shatter                  Erth           ######....   100%        9    #######
 Tornado                  Air            ######....   100%        9    #######


Dungeon Overview and Level Annotations

Branches:
Dungeon (12/15)            Temple (1/1) D:5            Lair (6/6) D:11
  Swamp (0/4) Lair:3        Snake (0/4) Lair:3        Slime (0/5) Lair:6
    Orc (0/2) D:9         Ossuary (visited)         Gauntlet (visited)

Altars:
Ashenzari
Cheibriados
Dithmenos
Elyvilon
Fedhas
Gozag
Hepliaklqana
Kikubaaqudgha
Makhleb
Nemelex Xobeh
Okawaru
Qazlal
Ru
Sif Muna
Trog
Uskayaw
Wu Jian
Xom
Yredelemnul
Zin
The Shining One
Jiyva

Shops:
D:6 *   D:9 *(   D:10 =

Annotations:
D:6 1 runed translucent door, Delarado's ghost, novice OpFi
Lair:5 2 transporters, EvilAshe's ghost, journeyman FoAK


Innate Abilities, Weirdness & Mutations

Your experience applies equally to all skills.
You have very sharp teeth.
Your uncanny sense of smell can sniff out nearby items.


Message History

The death knight is lightly wounded.
The death knight reflects your damage back at you!
The death knight hits you with a +0 morningstar!
Your ice beast hits the death knight.
Your ice beast freezes the death knight!
Your ice beast suffers a backlash!
You bludgeon the death knight!!
The death knight is severely wounded.
The death knight reflects your damage back at you!
Your ice beast completely misses the death knight.
The death knight mumbles some strange prayers to Yredelemnul against you.
Your body is wracked with pain!
* * * LOW HITPOINT WARNING * * *
You sock the death knight! You bite the death knight.
The death knight is almost dead.
The death knight reflects your damage back at you!
* * * LOW HITPOINT WARNING * * *
Your ice beast barely misses the death knight.
The death knight hits you with a +0 morningstar!!
You die...

≈.# ≈H# ∆
#W# #.#
#W# #.
#W#
#...###p#
#.....Y@#
#######Y#
#.# #.#
#<# ###


You could see a death knight, 2 freezing wraiths, a hippogriff, a wraith and 2
friendly ice beasts.

Vanquished Creatures
  A minotaur (Gauntlet)
  A fire dragon (Lair:6)
  3 hydras
  A ghost crab (Gauntlet)
  5 death yaks
  A satyr (shapeshifter) (Gauntlet)
  2 two-headed ogres
  Urug (D:10)
  Sonja (D:11)
  A phantasmal warrior (D:12)
  2 lindwurms (Lair:6)
  A necromancer (Gauntlet)
  An ugly thing (D:11)
  A molten gargoyle (Lair:2)
  4 black mambas
  14 elephants
  12 spiny frogs
  5 torpor snails (Lair:6)
  4 komodo dragons
  A queen bee (Lair:1)
  A merfolk (shapeshifter) (Gauntlet)
  3 trolls
  9 hornets
  12 polar bears (Lair:6)
  A bog body (Lair:3)
  3 tyrant leeches (Lair:6)
  4 blink frogs (Lair:1)
  5 hippogriffs
  A spriggan (Lair:1)
  A wyvern (Lair:6)
  6 fire bats (Lair:2)
  34 yaks
  5 basilisks
  A steam dragon (D:11)
  Grum (Lair:1)
  A hungry ghost (D:7)
  2 nagas (Lair:3)
  Edmund (D:4)
  4 wargs (Lair:6)
  12 water moccasins
  Duvessa (D:7)
  16 hell hounds (Lair:6)
  6 orc warriors
  15 black bears
  10 porcupines
  A phantom (D:11)
  2 sky beasts
  2 eyes of draining
  3 necrophages
  32 wolves
  4 ogres
  11 crocodiles
  4 centaurs
  A big kobold (D:9)
  14 bullfrogs
  Dowan (D:7)
  5 scorpions
  A wyvern skeleton (D:10)
  30 killer bees
  5 howler monkeys
  An electric eel (Lair:2)
  3 crimson imps
  3 bullfrog zombies
  3 centaur zombies
  2 bullfrog skeletons
  4 hounds
  8 orc wizards
  Crazy Yiuf (D:7)
  5 orc priests
  A gnoll shaman (D:7)
  2 centaur skeletons
  4 iguanas
  5 worker ants
  3 big kobold zombies (Ossuary)
  2 hound zombies
  A hound skeleton (D:8)
  2 mummies (Ossuary)
  A worker ant zombie (D:6)
  7 gnolls (D:7)
  14 adders
  A shadow imp (D:6)
  An ooze (D:5)
  2 adder skeletons
  2 worms
  6 dart slugs
  5 leopard geckos
  34 orcs
  4 ball pythons
  10 bats
  11 giant cockroaches
  3 gnoll zombies (Ossuary)
  8 goblins
  10 hobgoblins
  11 jackals
  4 quokkas
  8 frilled lizards
  3 goblin zombies (Ossuary)
  7 kobolds
  3 orc zombies (Ossuary)
  7 rats
  3 plants
548 creatures vanquished.

Vanquished Creatures (collateral kills)
  A hydra (Lair:5)
  3 death yaks
  An elephant (Lair:6)
  A black mamba (Lair:6)
  7 yaks
  A water moccasin (Lair:6)
  A hell hound (Lair:6)
  A crocodile (Lair:5)
  A bullfrog (Lair:5)
17 creatures vanquished.

Vanquished Creatures (others)
  A human (D:4)
  A lava snake (Lair:2)
  An orc (D:5)
  53 fungi
  35 plants
91 creatures vanquished.

Grand Total: 656 creatures vanquished

Notes
Turn   | Place    | Note
-------+----------+-------------------------------------------
     0 | D:1      | RedPan the Gnoll Wanderer began the quest for the Orb.
     0 | D:1      | RedPan set off with the following items: a +2 shortbow, 22
                  | arrows, a +0 falchion, a potion of curing, a +0 robe, a +0
                  | dagger, a ration
     0 | D:1      | Reached XP level 1. HP: 26/26 MP: 1/1
   226 | D:1      | Reached XP level 2. HP: 33/33 MP: 2/2
   529 | D:1      | Reached XP level 3. HP: 38/38 MP: 3/3
   988 | D:2      | Reached skill level 1 in Invocations
  1104 | D:2      | Found a sparkling altar of Nemelex Xobeh.
  1174 | D:2      | Found a faded altar of an unknown god.
  1181 | D:2      | Reached skill level 1 in Short Blades
  1181 | D:2      | Reached skill level 1 in Axes
  1181 | D:2      | Reached skill level 1 in Maces & Flails
  1181 | D:2      | Reached skill level 1 in Polearms
  1181 | D:2      | Reached skill level 1 in Staves
  1181 | D:2      | Reached skill level 1 in Slings
  1181 | D:2      | Reached skill level 1 in Crossbows
  1181 | D:2      | Reached skill level 1 in Throwing
  1181 | D:2      | Reached skill level 1 in Dodging
  1181 | D:2      | Reached skill level 1 in Shields
  1181 | D:2      | Reached skill level 1 in Unarmed Combat
  1181 | D:2      | Reached skill level 1 in Spellcasting
  1181 | D:2      | Reached skill level 1 in Evocations
  1227 | D:2      | Reached XP level 4. HP: 43/45 MP: 5/5
  1657 | D:3      | Found a hide-covered altar of Uskayaw.
  1706 | D:3      | Found a glowing golden altar of the Shining One.
  1794 | D:3      | Reached skill level 1 in Conjurations
  1794 | D:3      | Reached skill level 1 in Hexes
  1794 | D:3      | Reached skill level 1 in Charms
  1794 | D:3      | Reached skill level 1 in Summonings
  1794 | D:3      | Reached skill level 1 in Necromancy
  1794 | D:3      | Reached skill level 1 in Translocations
  1794 | D:3      | Reached skill level 1 in Transmutations
  1794 | D:3      | Reached skill level 1 in Fire Magic
  1794 | D:3      | Reached skill level 1 in Ice Magic
  1794 | D:3      | Reached skill level 1 in Air Magic
  1794 | D:3      | Reached skill level 1 in Earth Magic
  1794 | D:3      | Reached skill level 1 in Poison Magic
  1958 | D:3      | Found a shadowy altar of Dithmenos.
  2016 | D:3      | Found an ornate altar of the Wu Jian Council.
  2022 | D:3      | Reached XP level 5. HP: 44/51 MP: 6/6
  2103 | D:3      | Found a white marble altar of Elyvilon.
  2738 | D:4      | Found an ancient bone altar of Kikubaaqudgha.
  2740 | D:4      | Noticed a human
  2742 | D:4      | Killed a human
  2854 | D:4      | Reached XP level 6. HP: 52/57 MP: 8/8
  3233 | D:4      | Noticed Edmund
  3263 | D:4      | Killed Edmund
  3263 | D:4      | Reached XP level 7. HP: 27/63 MP: 10/10
  3711 | D:5      | Entered Level 5 of the Dungeon
  4007 | D:5      | Reached skill level 9 in Fighting
  4363 | D:5      | Reached XP level 8. HP: 70/71 MP: 12/12
  4445 | D:5      | Found a staircase to the Ecumenical Temple.
  4464 | Temple   | Entered the Ecumenical Temple
  4520 | Temple   | Became a worshipper of Cheibriados the Contemplative
  4878 | D:6      | Found a runed translucent door.
  4887 | D:6      | Found a shimmering altar of Xom.
  4887 | D:6      | Noticed Delarado's ghost (novice OpFi)
  4887 | D:6      | Noticed a +6 hand axe of chaos
  4946 | D:6      | Found a sand-covered staircase.
  4952 | Ossuary  | Entered an ossuary
  5186 | Ossuary  | Reached * piety under Cheibriados
  5714 | D:6      | Identified the +9 quarterstaff of RedPan's Extermination
                  | {vorpal, Fragile rF+ MR+}
  5772 | D:6      | Found Tasu's Mass Market.
  5779 | D:6      | Bought a +0 plate armour for 299 gold pieces
  5974 | D:7      | Reached ** piety under Cheibriados
  5978 | D:7      | Reached XP level 9. HP: 74/76 MP: 14/14
  6029 | D:7      | Noticed Duvessa
  6032 | D:7      | Noticed Dowan
  6035 | D:7      | Killed Duvessa
  6037 | D:7      | Killed Dowan
  6276 | D:7      | Found a sacrificial altar of Ru.
  6588 | D:7      | Found a runed translucent door.
  6589 | D:7      | Noticed Crazy Yiuf
  6798 | D:7      | Killed Crazy Yiuf
  6925 | D:8      | Found a shattered altar of Ashenzari.
  6960 | D:8      | You fall into a shaft and drop 3 floors!
  6963 | D:11     | Reached skill level 5 in Long Blades
  6963 | D:11     | Reached skill level 5 in Bows
  6963 | D:11     | Reached skill level 5 in Armour
  6975 | D:11     | Reached *** piety under Cheibriados
  7059 | D:11     | HP: 3/77 [orc warrior/+0 dire flail (11)]
  7067 | D:11     | Reached skill level 5 in Invocations
  7181 | D:11     | Reached XP level 10. HP: 46/84 MP: 17/17
  7448 | D:11     | Noticed Sonja
  7735 | D:10     | Entered Level 10 of the Dungeon
  7855 | D:8      | Reached skill level 5 in Short Blades
  7855 | D:8      | Reached skill level 5 in Axes
  7855 | D:8      | Reached skill level 5 in Maces & Flails
  7855 | D:8      | Reached skill level 5 in Polearms
  7855 | D:8      | Reached skill level 5 in Staves
  7855 | D:8      | Reached skill level 5 in Slings
  7855 | D:8      | Reached skill level 5 in Crossbows
  7855 | D:8      | Reached skill level 5 in Throwing
  7855 | D:8      | Reached skill level 5 in Dodging
  7855 | D:8      | Reached skill level 5 in Shields
  7855 | D:8      | Reached skill level 5 in Unarmed Combat
  7855 | D:8      | Reached skill level 5 in Spellcasting
  7855 | D:8      | Reached skill level 5 in Evocations
  8010 | D:8      | Found a burning altar of Makhleb.
  8614 | D:9      | Reached skill level 10 in Fighting
  8812 | D:9      | Found a runed translucent door.
  8812 | D:9      | Noticed a two-headed ogre
  8825 | D:9      | Killed a two-headed ogre
  8839 | D:9      | Reached **** piety under Cheibriados
  9081 | D:9      | Found a stormy altar of Qazlal.
  9129 | D:9      | Found Ebaohol's General Store.
  9135 | D:9      | Bought a +2 hat for 176 gold pieces
  9282 | D:9      | Found Coedipt's Weapon Shop.
  9290 | D:9      | Found a staircase to the Orcish Mines.
  9745 | D:10     | Reached XP level 11. HP: 91/91 MP: 19/19
 10108 | D:10     | Reached ***** piety under Cheibriados
 10113 | D:10     | Reached skill level 5 in Conjurations
 10113 | D:10     | Reached skill level 5 in Hexes
 10113 | D:10     | Reached skill level 5 in Charms
 10113 | D:10     | Reached skill level 5 in Summonings
 10113 | D:10     | Reached skill level 5 in Necromancy
 10113 | D:10     | Reached skill level 5 in Translocations
 10113 | D:10     | Reached skill level 5 in Transmutations
 10113 | D:10     | Reached skill level 5 in Fire Magic
 10113 | D:10     | Reached skill level 5 in Ice Magic
 10113 | D:10     | Reached skill level 5 in Air Magic
 10113 | D:10     | Reached skill level 5 in Earth Magic
 10113 | D:10     | Reached skill level 5 in Poison Magic
 10379 | D:10     | Found Xotew's Jewellery Shoppe.
 10428 | D:10     | Noticed Urug
 10439 | D:10     | Killed Urug
 10819 | D:11     | Found a staircase to the Lair.
 10823 | D:11     | Noticed a white ugly thing
 10836 | D:11     | Killed a white ugly thing
 11020 | D:11     | Noticed a two-headed ogre
 11026 | D:11     | Killed a two-headed ogre
 11056 | D:11     | Killed Sonja
 11515 | Lair:1   | Entered Level 1 of the Lair of Beasts
 11603 | Lair:1   | Reached XP level 12. HP: 68/98 MP: 18/22
 12035 | Lair:1   | Noticed Grum
 12041 | Lair:1   | Killed Grum
 12241 | Lair:1   | Reached skill level 11 in Fighting
 13868 | Lair:2   | Noticed an eight-headed hydra
 13873 | Lair:2   | Killed an eight-headed hydra
 13873 | Lair:2   | Reached XP level 13. HP: 98/106 MP: 24/24
 14158 | Lair:3   | Learned a level 3 spell: Mephitic Cloud
 14444 | Lair:3   | Reached skill level 10 in Stealth
 14445 | Lair:3   | Found a staircase to the Swamp.
 14525 | Lair:3   | Found a staircase to the Snake Pit.
 15189 | Lair:4   | Found a gate leading to a gauntlet.
 15264 | Gauntlet | Entered a Gauntlet
 15264 | Gauntlet | Found a transporter.
 15264 | Gauntlet | Found a transporter.
 15264 | Gauntlet | Found a transporter.
 15275 | Gauntlet | Found a transporter.
 15277 | Gauntlet | Found a transporter.
 15288 | Gauntlet | Found a transporter.
 15288 | Gauntlet | Found a transporter.
 15297 | Gauntlet | Found a transporter.
 15314 | Gauntlet | Found a transporter.
 15331 | Gauntlet | Found a transporter.
 15334 | Gauntlet | Found a transporter.
 15344 | Gauntlet | Found a transporter.
 15725 | Gauntlet | Identified the +5 fustibalus "Quall" {flame, rC+ rN+ Dex-5}
 15725 | Gauntlet | Noticed a minotaur
 15729 | Gauntlet | Killed a minotaur
 16335 | Lair:5   | Learned a level 3 spell: Lesser Beckoning
 16340 | Lair:5   | Learned a level 4 spell: Summon Ice Beast
 17008 | Lair:5   | Found a transporter.
 17008 | Lair:5   | Found a transporter.
 17030 | Lair:5   | Noticed EvilAshe's ghost (journeyman FoAK)
 17138 | Lair:5   | Got a translucent spear
 17140 | Lair:5   | Identified the cursed +1 spear "Ybeddunnox" {flame, +Rage}
                  | (You found it on level 5 of the Lair of Beasts)
 17316 | Lair:6   | Entered Level 6 of the Lair of Beasts
 17344 | Lair:6   | Reached XP level 14. HP: 89/114 MP: 9/26
 17565 | Lair:6   | Reached ****** piety under Cheibriados
 17730 | Lair:6   | Reached skill level 12 in Fighting
 18682 | Lair:6   | Found a runed translucent door.
 19095 | Lair:6   | Reached skill level 10 in Invocations
 20044 | Lair:6   | Found a viscous altar of Jiyva.
 20045 | Lair:6   | Found a staircase to the Slime Pits.
 20525 | D:12     | Slain by a death knight

Levels and vault maps discovered:
D:1:      lemuel_arrival_rhombus, layout_loops_ring
D:2:      layout_basic, chequers_ecumenical_altar_simple_redux,
          nemelex_diamond_rough_becter
D:3:      layout_basic, overflow_temple_1_default, lemuel_crystal_altar,
          nicolae_dithmenos_through_a_glass_darkly, lemuel_crystal_altar,
          tso_metal_star
D:4:      layout_basic, first_ration, tgw_kikubaaqudgha, uniq_edmund
D:5:      layout_basic, minmay_temple_entry_nine_rooms
D:6:      layout_rooms, ebering_ghost_xom, lightli_ossuary_entry_decrepit_ruins,
          minmay_shop_mass
D:7:      layout_loops_ring, nicolae_ru_the_path_less_chosen,
          ebering_dispersal_statue_hall, glass_columns_b, grunt_ogre_cave,
          uniq_duvessa, uniq_crazy_yiuf_cottage
D:8:      layout_basic, ashenzari_conservatory_becter, lemuel_crystal_altar
D:9:      layout_roguey, orc_david_3, serial_shops, nicolae_shop_crystal,
          minmay_st_funbox, grunt_qazlal_clouds
D:10:     layout_irregular_city, serial_shops, kennysheep_mini, uniq_urug
D:11:     layout_loops_ring, due_lair_maze_entry_diamond, uniq_sonja
D:12:     layout_basic, serial_shops, shop, shop, shop, serial_bayou,
          serial_bayou_shore_a, serial_bayou_lagoon_a, serial_bayou_lagoon_b,
          serial_bayou_pond_b, basic_altar
Temple:   eino_temple_water
Lair:1:   layout_gridlike, special_room [special_room_bee], st_stairs_9,
          grunt_forest_large_clearing_hut, serial_bayou_shore_b, uniq_grum
Lair:2:   cheibrodos_lair_river_kwai, layout_gridlike, lemuel_fruit_tree,
          grunt_megastairs_5
Lair:3:   layout_long_grid, skrybe_swamp_entry_bodies,
          guppyfry_snake_entry_island, grunt_megastairs_1, serial_bayou_shore_b
Lair:4:   layout_long_grid, gauntlet_entry_generic
Lair:5:   layout_regular_city, gammafunk_ghost_hive
Lair:6:   hangedman_lair_caniforms_friends, layout_cave_pods, wormcave,
          slime_altar_1, cheibrodos_lair_lostbears

Skill      XL: |  1  2  3  4  5  6  7  8  9 10 11 12 13 14 |
---------------+-------------------------------------------+-----
Stealth        | 6 7 8 9 10 11 | 11.0
Invocations    | 1 2 3 4 5 6 7 8 9 10 | 10.2
Short Blades   | 1 2 3 4 5 6 7 8 9 |  9.4
Axes           | 1 2 3 4 5 6 7 8 9 |  9.4
Maces & Flails | 1 2 3 4 5 6 7 8 9 |  9.4
Polearms       | 1 2 3 4 5 6 7 8 9 |  9.4
Staves         | 1 2 3 4 5 6 7 8 9 |  9.4
Slings         | 1 2 3 4 5 6 7 8 9 |  9.4
Crossbows      | 1 2 3 4 5 6 7 8 9 |  9.4
Throwing       | 1 2 3 4 5 6 7 8 9 |  9.4
Dodging        | 1 2 3 4 5 6 7 8 9 |  9.4
Shields        | 1 2 3 4 5 6 7 8 9 |  9.4
Unarmed Combat | 1 2 3 4 5 6 7 8 9 |  9.4
Spellcasting   | 1 2 3 4 5 6 7 8 9 |  9.4
Evocations     | 1 2 3 4 5 6 7 8 9 |  9.4
Conjurations   | 1 2 3 4 5 6 7 |  7.9
Hexes          | 1 2 3 4 5 6 7 |  7.9
Charms         | 1 2 3 4 5 6 7 |  7.9
Summonings     | 1 2 3 4 5 6 7 |  7.9
Necromancy     | 1 2 3 4 5 6 7 |  7.9
Translocations | 1 2 3 4 5 6 7 |  7.9
Transmutations | 1 2 3 4 5 6 7 |  7.9
Fire Magic     | 1 2 3 4 5 6 7 |  7.9
Ice Magic      | 1 2 3 4 5 6 7 |  7.9
Air Magic      | 1 2 3 4 5 6 7 |  7.9
Earth Magic    | 1 2 3 4 5 6 7 |  7.9
Poison Magic   | 1 2 3 4 5 6 7 |  7.9
Long Blades    | 3 4 5 6 7 8 9 |  9.8
Bows           | 3 4 5 6 7 8 9 |  9.8
Armour         | 3 4 5 6 7 8 9 |  9.8
Fighting       | 9 10 11 12 | 12.3

Action                   |  1- 3 |  4- 6 |  7- 9 | 10-12 | 13-15 || total
-------------------------+-------+-------+-------+-------+-------++-------
Melee: Falchion          |    76 |    90 |       |       |       ||   166
       Bite              |    11 |    27 |    49 |    84 |   137 ||   308
       Punch             |       |     2 |     2 |       |       ||     4
       Short sword       |       |   115 |       |       |       ||   115
       Flail             |       |       |   192 |       |       ||   192
       Quarterstaff      |       |       |   134 |   504 |   565 ||  1203
 Fire: Shortbow          |    15 |    24 |    16 |       |       ||    55
Throw: Javelin           |       |       |       |       |     4 ||     4
 Cast: Summon Ice Beast  |       |       |       |       |    24 ||    24
       Mephitic Cloud    |       |       |       |       |     6 ||     6
Invok: Bend Time         |       |       |     4 |    25 |     8 ||    37
       Slouch            |       |       |       |     3 |     3 ||     6
Evoke: Wand              |       |       |       |     6 |     4 ||    10
  Use: Scroll            |       |     9 |     5 |    10 |     5 ||    29
       Potion            |       |     1 |     2 |     2 |     1 ||     6
 Stab: Sleeping          |     8 |       |       |     2 |       ||    10
       Confused          |       |       |     1 |       |    10 ||    11
       Distracted        |       |       |       |       |     3 ||     3
       Paralysed         |       |       |       |       |     3 ||     3
  Eat: Chunk             |     1 |     7 |     8 |    13 |    13 ||    42
       Ration            |       |       |     1 |       |       ||     1
Armor: Ring mail         |    16 |       |       |       |       ||    16
       Chain mail        |    13 |   113 |   207 |       |       ||   333
       Plate armour      |       |       |    73 |   311 |   376 ||   760
Dodge: Dodged            |    39 |    80 |   185 |   420 |   540 ||  1264
       Deflected         |       |     2 |     8 |       |       ||    10
       Rpst.: Falchion   |    11 |    15 |       |       |       ||    26

Table legend:
 A = Non-vault XP
 B = Vault XP
 C = Vault XP percentage of total XP
 D = Non-vault monster count
 E = Vault monster count
 F = Vault count percentage of total count
                 A         B        C        D         E       F
            +---------+---------+-------+---------+---------+-------
      Total |   45715 |   36886 |  44.7 |     381 |     182 |  32.3
            +---------+---------+-------+---------+---------+-------
        D:1 |      49 |       0 |   0.0 |      25 |       0 |   0.0
        D:2 |      51 |       0 |   0.0 |      22 |       0 |   0.0
        D:3 |      86 |       0 |   0.0 |      28 |       0 |   0.0
        D:4 |     408 |     162 |  28.4 |      26 |       1 |   3.7
        D:5 |     456 |       0 |   0.0 |      12 |       0 |   0.0
        D:6 |     621 |       0 |   0.0 |      20 |       0 |   0.0
        D:7 |     721 |     388 |  35.0 |      25 |       4 |  13.8
        D:8 |     650 |       0 |   0.0 |      21 |       0 |   0.0
        D:9 |    1380 |    1725 |  55.6 |      11 |      14 |  56.0
       D:10 |    3549 |     843 |  19.2 |      37 |       1 |   2.6
       D:11 |    4661 |    1904 |  29.0 |      26 |      10 |  27.8
       D:12 |     652 |       0 |   0.0 |       1 |       0 |   0.0
     Lair:1 |    5863 |    3119 |  34.7 |      22 |      29 |  56.9
     Lair:2 |    3046 |    3350 |  52.4 |      17 |      12 |  41.4
     Lair:3 |    4634 |    2001 |  30.2 |      23 |       6 |  20.7
     Lair:4 |    2367 |       0 |   0.0 |      12 |       0 |   0.0
     Lair:5 |    6530 |       0 |   0.0 |      23 |       0 |   0.0
     Lair:6 |    9991 |   18503 |  64.9 |      30 |      78 |  72.2
    Ossuary |       0 |     221 | 100.0 |       0 |      16 | 100.0
   Gauntlet |       0 |    4670 | 100.0 |       0 |      11 | 100.0
            +---------+---------+-------+---------+---------+-------
